 Dungeon Crawl Stone Soup version 0.29-a0-1033-gb6c65ffae6 (webtiles) character file.

Game seed: 14522187232146534969

49 Zeldest the Caller (level 3, -1/26 HPs)
             Began as a Gnoll Summoner on Aug 14, 2022.
             Constricted to death by Grinder (3 damage)
             ... on level 3 of the Dungeon.
             The game lasted 00:09:47 (884 turns).

Zeldest the Caller (Gnoll Summoner)                  Turns: 884, Time: 00:09:47

Health: -1/26      AC:  3    Str:  7    XL:     3   Next: 77%
Magic:  8/9        EV: 10    Int: 22    God:
Gold:   104        SH:  0    Dex: 12    Spells: 1/12 levels left

rFire   . . .      SeeInvis .     - Unarmed
rCold   . . .      Faith    .   (no shield)
rNeg    . . .      Spirit   .   a - +0 robe
rPois   .          Reflect  .   d - +0 helmet
rElec   .          Harm     .   (no cloak)
rCorr   .          Rampage  .   (no gloves)
Will    .....                   (no boots)
Stlth   ++........              n - amulet of magic regeneration
HPRegen 0.08/turn               i - +6 ring of intelligence
MPRegen 0.51/turn               (no ring)

@: grasped by roots, attractive, constricted
A: fangs 1, strong nose, distributed training
a: no special abilities


You were on level 3 of the Dungeon.
You visited 1 branch of the dungeon, and saw 3 of its levels.

You collected 104 gold pieces.

Inventory:

Armour
 a - a +0 robe (worn)
 d - a +0 helmet (worn)
Jewellery
 i - a +6 ring of intelligence (left hand)
 n - an amulet of magic regeneration (around neck)
Scrolls
 g - 3 scrolls of teleportation {unknown}
 k - a scroll of fear {unknown}
 l - 2 scrolls of identify {unknown}
 m - a scroll of amnesia {unknown}
Potions
 b - 3 potions of magic
 c - a potion of mutation {unknown}
 e - a potion of might {unknown}
 h - 2 potions of attraction
 j - 2 potions of heal wounds {unknown}


   Skills:
 + Level 1.0 Fighting
 + Level 1.0 Short Blades
 + Level 1.0 Long Blades
 + Level 1.0 Axes
 + Level 1.0 Maces & Flails
 + Level 1.0 Polearms
 + Level 1.0 Staves
 + Level 1.0 Ranged Weapons
 + Level 1.0 Throwing
 + Level 1.0 Armour
 + Level 4.6 Dodging
 + Level 4.2 Stealth
 + Level 1.0 Shields
 + Level 1.0 Unarmed Combat
 + Level 5.0 Spellcasting
 + Level 0.7 Conjurations
 + Level 0.7 Hexes
 + Level 7.1 Summonings
 + Level 0.7 Necromancy
 + Level 0.7 Translocations
 + Level 0.7 Transmutations
 + Level 0.7 Fire Magic
 + Level 0.7 Ice Magic
 + Level 0.7 Air Magic
 + Level 0.7 Earth Magic
 + Level 0.7 Poison Magic
 + Level 1.0 Invocations
 + Level 1.0 Evocations


You had one spell level left.
You knew the following spells:

 Your Spells              Type           Power      Damage    Failure   Level
a - Summon Small Mammal   Summ           100%       N/A       1%          1
b - Call Imp              Summ           36%        N/A       1%          2
c - Poisonous Vapours     Pois/Air       16%        N/A       12%         2
d - Call Canine Familiar  Summ           36%        N/A       1%          3
e - Summon Guardian Gole  Hex/Summ       22%        N/A       6%          3

Your spell library contained the following spells:

 Spells                   Type           Power      Damage    Failure   Level
 Sting                    Tmut/Pois      32%        1d4       8%          1
 Summon Lightning Spire   Summ/Air       22%        N/A       21%         4
 Olgreb's Toxic Radiance  Pois           8%         N/A       58%         4


Dungeon Overview and Level Annotations

Branches:
Dungeon (3/15)

Altars:

Shops:
D:1 *

Annotations:
D:3 Grinder


Innate Abilities, Weirdness & Mutations

You have very sharp teeth.
Your uncanny sense of smell can sniff out nearby items.
Your experience applies equally to all skills.


Message History

An orc comes into view. It is wielding a +0 short sword.
The orc shouts!
Your hound struggles to escape constriction.
Your hound escapes!
Grinder blinks!
You aren't carrying any items that you can evoke.
Casting: Summon Guardian Golem (quite dangerous; 6% risk of failure)
Confirm with . or Enter, or press ? or * to list all spells.
Okay, then.
Casting: Summon Guardian Golem (quite dangerous; 6% risk of failure)
Confirm with . or Enter, or press ? or * to list all spells.
Grinder zaps a wand.
The roots erupt in riotous growth!
The grasping roots grab you! Roots grab your guardian golem.
The grasping roots constrict your guardian golem!
The grasping roots constrict you!
Okay, then.
It was a potion of attraction.
You feel attractive to monsters.
Grinder zaps a wand.
The roots erupt in riotous growth!
Roots grab your quokka.
Grinder is unaffected.
The grasping roots constrict your guardian golem.
The grasping roots constrict your quokka!
The grasping roots constrict you!
* * * LOW HITPOINT WARNING * * *
Your guardian golem overheats!
Your guardian golem struggles to escape constriction.
Your white imp gestures at Grinder.
The puff of frost hits Grinder.
Grinder resists.
The orc is attracted toward you.
It was a potion of cancellation.
Your magical effects are unravelling.
You feel magically purged.
Your quokka misses Grinder. Grinder hits your quokka.
Your quokka dies!
Your quokka's corpse disappears in a puff of smoke!
Flame seeps out of your guardian golem.
The grasping roots constrict your guardian golem.
Flame seeps out of your guardian golem. The grasping roots constrict you.
You die...

### ..# #.# ..# ..#
##§##### ...# ..#
#..#... ##.#
#..######.o#.###
##.#
##.......59..#..###
##.#
#...######h@...)...
##.###...###
#.§.#.....
##.#.......#
#5#.....##
...........#
#.##!#..#
##.#....>..# #.# .#
.# ##.###..∆..# #.#
.. .. ##.###.###.#
#.# ##. # ##.....#
#.####.# ..
..####.###......#
..


You could see Grinder (ally target), an orc, a friendly guardian golem
(summoned, inner flame, rooted), a friendly hound (summoned, sheltered) and a
friendly white imp (summoned, sheltered).

Vanquished Creatures
  An adder (D:3)
  A giant cockroach (D:3)
  2 frilled lizards
  A rat (D:2)
5 creatures vanquished.

Vanquished Creatures (collateral kills)
  3 worms
  An orc (D:3)
  2 endoplasms (D:2)
  2 giant cockroaches (D:2)
  3 goblins (D:1)
  3 hobgoblins
  3 ball pythons (D:2)
  3 bats
  A frilled lizard (D:1)
  4 kobolds
  2 rats
27 creatures vanquished.

Vanquished Creatures (others)
  A plant (D:1)
1 creature vanquished.

Grand Total: 33 creatures vanquished

Notes
Turn   | Place    | Note
-------+----------+-------------------------------------------
     0 | D:1      | Zeldest the Gnoll Summoner began the quest for the Orb.
     0 | D:1      | Reached XP level 1. HP: 13/13 MP: 6/6
    20 | D:1      | Found Peumairph's Assorted Antiques.
   143 | D:1      | Reached XP level 2. HP: 17/19 MP: 3/7
   147 | D:1      | Learned a level 2 spell: Call Imp
   193 | D:1      | Found a faded altar of an unknown god.
   204 | D:1      | Learned a level 2 spell: Poisonous Vapours
   396 | D:2      | Reached skill level 5 in Spellcasting
   396 | D:2      | Reached XP level 3. HP: 25/25 MP: 6/9
   411 | D:2      | Learned a level 3 spell: Call Canine Familiar
   415 | D:2      | Learned a level 3 spell: Summon Guardian Golem
   764 | D:3      | Reached skill level 1 in Invocations
   857 | D:3      | Reached skill level 1 in Fighting
   857 | D:3      | Reached skill level 1 in Short Blades
   857 | D:3      | Reached skill level 1 in Long Blades
   857 | D:3      | Reached skill level 1 in Axes
   857 | D:3      | Reached skill level 1 in Maces & Flails
   857 | D:3      | Reached skill level 1 in Polearms
   857 | D:3      | Reached skill level 1 in Staves
   857 | D:3      | Reached skill level 1 in Ranged Weapons
   857 | D:3      | Reached skill level 1 in Throwing
   857 | D:3      | Reached skill level 1 in Armour
   857 | D:3      | Reached skill level 1 in Shields
   857 | D:3      | Reached skill level 1 in Unarmed Combat
   857 | D:3      | Reached skill level 1 in Evocations
   877 | D:3      | Noticed Grinder
   884 | D:3      | Constricted to death by Grinder

Illustrated notes

Levels and vault maps discovered:
D:1:      tarquinn_simple_flora_water_a, layout_rooms,
          shapermc_ecumenical_altar_mp_urbaneastern, serial_shops,
          nicolae_shop_waterfront
D:2:      layout_basic
D:3:      layout_loops_ring, kennysheep_okawaru_gauntlet, uniq_grinder

Skill      XL: |  1  2  3 |
---------------+----------+-----
Spellcasting   | 5 |  5.0
Invocations    | 1 |  1.0
Fighting       | 1 |  1.0
Short Blades   | 1 |  1.0
Long Blades    | 1 |  1.0
Axes           | 1 |  1.0
Maces & Flails | 1 |  1.0
Polearms       | 1 |  1.0
Staves         | 1 |  1.0
Ranged Weapons | 1 |  1.0
Throwing       | 1 |  1.0
Armour         | 1 |  1.0
Shields        | 1 |  1.0
Unarmed Combat | 1 |  1.0
Evocations     | 1 |  1.0
Dodging        | |  4.6
Stealth        | |  4.2
Conjurations   | |  0.7
Hexes          | |  0.7
Summonings     | |  7.1
Necromancy     | |  0.7
Translocations | |  0.7
Transmutations | |  0.7
Fire Magic     | |  0.7
Ice Magic      | |  0.7
Air Magic      | |  0.7
Earth Magic    | |  0.7
Poison Magic   | |  0.7

Action                   || total
-------------------------++-------
Melee: Unarmed           ||    15
 Cast: Summon Small Mamm ||    17
       Call Imp          ||     4
       Poisonous Vapours ||     6
       Call Canine Famil ||     2
       Summon Guardian G ||     1
  Use: Potion            ||     2
 Stab: Sleeping          ||     3
Armor: Robe              ||     9
Dodge: Dodged            ||    25

Table legend: (Time is in decaauts)
 A = Elapsed time spent in this place.
 B = Non-inter-level travel time spent in this place.
 C = Inter-level travel time spent in this place.
 D = Time resting spent in this place.
 E = Time spent auto-exploring this place.
 F = Levels seen in this place.
 G = Mean time per level.
                   A        B        C        D        E       F      G
               +--------+--------+--------+--------+--------+-----+--------+
         Total |    884 |    868 |     16 |      0 |      0 |   3 |  294.7 |
       Dungeon |    884 |    868 |     16 |      0 |      0 |   3 |  294.7 |
               +--------+--------+--------+--------+--------+-----+--------+

Top non-repeatable levels by time:
     D:2: 448 daAuts
     D:1: 301 daAuts
     D:3: 134 daAuts
